 Dungeon Crawl Stone Soup version 0.28-b1-1-g3c77fb2ed1 (webtiles) character file.

Game seed: 10029397440361446854

4 cbfl8 the Sneak (level 1, 0/20 HPs)
             Began as a Minotaur Delver on Jan 30, 2022.
             Slain by Terence (10 damage)
             ... on level 3 of the Dungeon.
             The game lasted 00:00:53 (282 turns).

cbfl8 the Sneak (Minotaur Delver)                    Turns: 282, Time: 00:00:54

Health: 0/20       AC:  6    Str: 16    XL:     1   Next: 50%
Magic:  0/0        EV:  9    Int:  7    God:
Gold:   48         SH:  0    Dex: 11    Spells: 0/0 levels left

rFire   . . .      SeeInvis .   a - +0 hand axe
rCold   . . .      Faith    .   (no shield)
rNeg    . . .      Spirit   .   j - +0 scale mail
rPois   .          Reflect  .   (helmet restricted)
rElec   .          Harm     .   (no cloak)
rCorr   .          Rampage  .   (no gloves)
Will    .....                   (no boots)
Stlth   +.........              (no amulet)
HPRegen 0.06/turn               (no ring)
MPRegen 0.07/turn               (no ring)

@: no status effects
A: horns 2, retaliatory headbutt
a: no special abilities


You were on level 3 of the Dungeon.
You visited 1 branch of the dungeon, and saw 3 of its levels.

You collected 48 gold pieces.

Inventory:

Hand Weapons
 a - a +0 hand axe (weapon)
Armour
 b - a +0 leather armour
 h - a +1 leather armour of fire resistance
 j - a +0 scale mail (worn)
Wands
 g - a wand of digging (3)
Scrolls
 c - a scroll of fog
 d - a scroll of magic mapping
 e - a scroll of fear
 i - a scroll of identify {unknown}
Potions
 f - a potion of haste


   Skills:
 + Level 3.7 Fighting
 + Level 2.4 Axes
 + Level 2.1 Dodging
 + Level 4.2 Stealth


You couldn't memorise any spells.
You didn't know any spells.
Your spell library was empty.

Dungeon Overview and Level Annotations

Branches:
Dungeon (5/15)
 Temple: D:4-7

Altars:

Shops:
D:3 =

Annotations:
D:3 Terence


Innate Abilities, Weirdness & Mutations

You have a pair of horns on your head.
You reflexively headbutt those who attack you in melee.


Message History

Really walk into that teleport trap? [Y]es or [N]o only, please.
Really walk into that teleport trap? [Y]es or [N]o only, please.
Really walk into that teleport trap? [Y]es or [N]o only, please.
Really walk into that teleport trap? [Y]es or [N]o only, please.
Really walk into that teleport trap? [Y]es or [N]o only, please.
Really walk into that teleport trap?
You enter a teleport trap!
The teleport trap disappears.
Your surroundings suddenly seem different.
Found a stone staircase leading down.
Found a scroll labelled YMYICE MYACW.
Found 9 gold pieces.
Terence the Incautious comes into view.
He is wielding a +0 flail.
Found 25 sling bullets.
Terence shouts!
A rat comes into view.
You see here a scroll labelled YMYICE MYACW.
You see here 9 gold pieces.
Found Omapiusm's Jewellery Shoppe.
Terence bares his teeth.
Terence screams, "I want your blood!"
Found a scroll labelled HYIMNA YZIANT.
Found 3 gold pieces.
You see here a scroll labelled HYIMNA YZIANT.
Terence hits you with a +0 flail!
You completely miss Terence. Terence closely misses you.
You hit Terence but do no damage. You headbutt Terence, but do no damage.
Terence hits you with a +0 flail.
You hit Terence but do no damage. Terence hits you but does no damage.
Terence closely misses you. You furiously retaliate!
You headbutt Terence, but do no damage. You closely miss Terence.
Your headbutt misses Terence. Terence barely misses you.
You barely miss Terence. Terence hits you with a +0 flail!
Ouch! That really hurt!
You die...

#... #...# ...
#...# #...#
#..## #?.##
#...# #. #...#
#...######..$#
#....@@....##
#######...##
#####


You could see Terence.

Vanquished Creatures
  An endoplasm (D:4)
  2 goblins
3 creatures vanquished.

Notes
Turn   | Place    | Note
-------+----------+-------------------------------------------
     0 | D:5      | cbfl8 the Minotaur Delver began the quest for the Orb.
     0 | D:5      | Reached XP level 1. HP: 19/19 MP: 0/0
   250 | D:3      | Noticed Terence
   255 | D:3      | Found Omapiusm's Jewellery Shoppe.
   282 | D:3      | Slain by Terence

Illustrated notes

Levels and vault maps discovered:
D:3:      layout_rooms, serial_shops, nicolae_shop_stone, serial_curves,
          eino_curves_04, eino_curves_02, uniq_terence
D:4:      layout_cave_pods, minmay_temple_entry_poolview, uniq_grinder,
          uniq_ijyb, uniq_robin
D:5:      minmay_spotlight, layout_loops_ring, grunt_dithmenos_shadows,
          nicolae_wu_jian_glorious_leap, nicolae_uskayaw_en_pointe,
          nicolae_ossuary_entry_ruins, nicolae_wormholes, uniq_duvessa

Action                   || total
-------------------------++-------
Melee: Hand axe          ||    13
       Headbutt          ||     2
Armor: Scale mail        ||     4
Dodge: Dodged            ||     5
